Map: Ley Lines

Players

LewisKiniski

  • Race: Protoss Protoss
  • League: Master
  • Spawn Location: 1:00

A.I. 1 (Very Easy) - Winner!

  • Race: Terran Terran
  • Spawn Location: 7:00

VOD

Have the link to the VOD?

Description

Time

  • Played on: Feb. 19, 2025, 1:33 a.m.
  • Length: 9:44
Show
View Real Time Build Order
Export as new Build Order

LewisKiniski Protoss 

Build Orders: 1 Gate Expand, Phoenix Opening, Blink Stalkers, Colossus Rush 

Get SALT Encoding   

  12  0:00  Probe  
  13  0:12  Probe  
  14  0:17  Pylon  
  14  0:23  Probe  
  15  0:31  Probe  
  16  0:36  Gateway  
  16  0:39  Probe  
  16  0:46  Assimilator  
  17  0:51  Probe  
  18  1:03  Probe  
  19  1:20  Nexus  
  19  1:30  Cybernetics Core  
  19  1:34  Probe  
  20  1:41  Assimilator  
  20  1:46  Probe  
  21  1:48  Pylon  
  21  1:55  Stalker  
  21  1:58  Probe  
  22  2:06  Probe  
  22  2:07  Warp Gate  
  24  2:14  Probe  
  26  2:23  Sentry  
  26  2:24  Phoenix, Probe  
  29  2:33  Probe  
  29  2:36  Probe  
  31  2:43  Twilight Council  
  31  2:45  Probe  
  31  2:48  Blink, Probe  
  33  2:51  Stalker  
  33  2:57  Probe  
  36  3:00  Probe  
  36  3:01  Gateway  
  37  3:09  Gateway, Probe  
  38  3:13  Probe  
  39  3:22  Probe  
  39  3:25  Probe  
  41  3:31  Pylon  
  41  3:34  Probe  
  42  3:37  Probe  
  43  3:46  Probe  
  44  3:48  Nexus  
  44  3:51  Pylon  
  44  4:02  Stalker x2  
  46  4:04  Stalker  
  50  4:10  Robotics Facility  
  50  4:15  Assimilator  
  50  4:17  Assimilator  
  50  4:18  Probe x2  
  52  4:29  Pylon  
  52  4:30  Probe x2  
  54  4:34  Sentry  
  54  4:35  Stalker  
  54  4:38  Zealot  
  60  4:42  Probe x2  
  62  4:54  Probe x2  
  64  5:00  Robotics Bay, Probe  
  64  5:01  Forge  
  64  5:05  Charge  
  64  5:06  Probe x2  
  67  5:07  Observer  
  67  5:09  Protoss Ground Weapons Level 1, Probe  
  67  5:14  Shield Battery  
  69  5:16  Pylon  
  69  5:18  Probe x3  
  72  5:27  Pylon  
  72  5:30  Probe x2  
  72  5:31  Probe, Pylon  
  75  5:37  Colossus  
  75  5:42  Probe x2  
  76  5:43  Probe  
  84  5:53  Extended Thermal Lance  
  84  5:57  Gateway  
  84  5:59  Gateway x2  
  84  6:04  Stalker x2  
  84  6:05  Zealot  
  84  6:07  Probe x2  
  84  6:08  Probe  
  92  6:19  Probe x2  
  92  6:20  Probe  
  92  6:21  Gateway  
  92  6:22  Gateway  
  95  6:29  Colossus  
  95  6:31  Probe x2  
  95  6:32  Probe  
  104  6:34  Pylon  
  104  6:36  Pylon  
  104  6:43  Probe x2  
  104  6:44  Probe  
  104  6:46  Nexus  
  107  6:54  Assimilator  
  107  6:55  Probe x2  
  107  6:56  Probe  
  107  6:57  Pylon  
  107  6:58  Assimilator  
  107  6:59  Pylon  
  110  7:03  Stalker  
  110  7:04  Stalker, Zealot  
  110  7:05  Colossus, Zealot, Sentry  
  110  7:07  Protoss Ground Weapons Level 2, Probe  
  110  7:08  Probe  
  122  7:19  Shield Battery  
  122  7:20  Templar Archives  
  128  7:30  Probe  
  128  7:31  Probe x2  
  128  7:36  Pylon  
  131  7:37  Pylon  
  131  7:38  Gravitic Drive, Pylon  
  131  7:42  Zealot x3  
  131  7:43  Probe  
  138  7:46  Probe x2  
  140  7:55  Psionic Storm, Probe  
  141  7:59  Zealot x5  
  141  8:02  Warp Prism  
  141  8:03  Pylon  
  151  8:07  Assimilator  
  151  8:08  Assimilator  
  151  8:09  Forge  
  153  8:18  Zealot  
  153  8:19  Zealot x3  
  161  8:29  High Templar x2  
  161  8:30  High Templar x2  
  169  8:35  Gateway x2  
  169  8:37  Gateway  
  169  8:39  Gateway  
  169  8:55  Zealot x4  
  177  8:58  Pylon  
  177  9:00  Pylon  
  177  9:02  Nexus, Zealot  
  179  9:03  Zealot x3  
  185  9:14  Pylon  
  185  9:17  Pylon  
  185  9:20  Zealot x4  
  193  9:31  Robotics Facility  
  193  9:34  Zealot  
  193  9:35  Zealot x2  
Show
View Real Time Build Order
Export as new Build Order

A.I. 1 (Very Easy) Terran - Winner!

Build Orders: Reaper Expand 

Get SALT Encoding   

  12  0:00  SCV  
  13  0:13  SCV  
  14  0:18  Supply Depot  
  14  0:43  Barracks  
  14  1:03  Command Center  
  14  1:31  Supply Depot, Marine, Orbital Command  
  15  1:38  Refinery  
  15  1:47  Refinery  
  15  1:56  SCV  
  16  2:08  SCV  
  16  2:15  SCV  
  18  2:17  Reaper  
  18  2:22  SCV  
  20  2:29  SCV  
  21  2:36  SCV  
  22  2:43  Refinery  
  22  2:44  SCV  
  23  2:51  SCV  
  24  2:58  SCV  
  25  3:02  Marine  
  25  3:05  SCV  
  27  3:12  SCV  
  28  3:17  Factory  
  28  3:19  SCV  
  29  3:40  Refinery  
  29  3:42  SCV  
  29  3:47  Marine  
  31  3:49  SCV  
  31  3:54  Supply Depot  
  32  3:56  SCV  
  33  4:04  SCV  
  33  4:05  Starport  
  34  4:11  SCV  
  35  4:18  SCV  
  36  4:25  SCV  
  37  4:32  Marine  
  37  4:33  SCV  
  37  4:36  Supply Depot  
  39  4:40  SCV  
  39  4:41  Starport Tech Lab  
  40  4:47  SCV  
  41  4:54  SCV  
  44  5:00  Raven  
  44  5:01  SCV  
  45  5:08  SCV  
  46  5:15  SCV  
  46  5:17  Marine  
  48  5:34  Raven  
  50  6:02  Reaper  
  51  6:35  Barracks Tech Lab  
  51  6:56  Marauder  
  53  8:14  SCV  
Tags
 
Add a new tag
Caveats
  • Supply blocks, unpowered buildings, or Contaminate may cause inaccurate times.
  • Supply counts are checked every 10 seconds.